 Dungeon Crawl Stone Soup version 0.27.1-3-gb3d3a73c9e (webtiles) character file.

Game seed: 13523568444405578099

36 pkoi the Ruffian (level 3, -4/28 HPs)
             Began as a Draconian Transmuter on Oct 26, 2021.
             Was an Initiate of Cheibriados.
             Slain by a phantom (7 damage)
             ... on level 3 of the Dungeon.
             The game lasted 00:02:22 (2475 turns).

pkoi the Ruffian (Draconian Transmuter)             Turns: 2475, Time: 00:02:24

Health: -4/28      AC:  5    Str: 13    XL:     3   Next: 19%
Magic:  5/6        EV: 12    Int: 15    God:    Cheibriados [......]
Gold:   68         SH:  0    Dex: 12    Spells: 5/6 levels left

rFire    . . .     SeeInvis .     - Unarmed
rCold    . . .     Faith    .   (no shield)
rNeg     . . .     Spirit   .   (armour unavailable)
rPois    .         Reflect  .   (helmet currently unavailable)
rElec    .         Harm     .   (no cloak)
rCorr    .         Rampage  .   (no gloves)
Will     .....                  (boots currently unavailable)
Stlth    +.........             (no amulet)
HPRegen  0.09/turn              (no ring)
MPRegen  0.10/turn              (no ring)

@: appendages, very slow
A: horns 2, talons 2, AC +5, unfitting armour, cold-blooded
a: End Transformation, Renounce Religion, Bend Time


You were on level 3 of the Dungeon.
You worshipped Cheibriados.
Cheibriados was noncommittal.
You had temporarily grown beastly horns and talons.
You visited 1 branch of the dungeon, and saw 3 of its levels.

You collected 68 gold pieces.

Inventory:

Missiles
 b - 6 poisoned darts (quivered)
Jewellery
 h - an amulet of guardian spirit
Wands
 k - a wand of paralysis (4)
Scrolls
 d - 3 scrolls of identify {unknown}
 e - a scroll of magic mapping {unknown}
 i - a scroll of torment {unknown}
 j - a scroll of enchant weapon {unknown}
 l - a scroll of noise {unknown}
Potions
 a - a potion of curing {unknown}
 c - a potion of might {unknown}
 f - a potion of invisibility {unknown}
 g - 2 potions of mutation {unknown}


   Skills:
 + Level 1.1 Fighting
 + Level 1.7 Dodging
 + Level 4.3 Unarmed Combat
 + Level 2.0 Spellcasting
 + Level 2.0 Transmutations
 + Level 0.0 Invocations


You had 5 spell levels left.
You knew the following spells:

 Your Spells              Type           Power      Damage    Failure   Level
a - Beastly Appendage     Tmut           14%        N/A       10%         1

Your spell library contained the following spells:

 Spells                   Type           Power      Damage    Failure   Level
 Wereblood                Tmut           7%         N/A       14%         2
 Magic Dart               Conj           4%         1d3       22%         1
 Call Imp                 Summ           1%         N/A       32%         2
 Sublimation of Blood     Necr           0%         N/A       32%         2
 Spider Form              Tmut/Pois      2%         N/A       41%         3
 Mephitic Cloud           Conj/Pois/Air  1%         N/A       54%         3
 Ice Form                 Ice/Tmut       4%         N/A       82%         4
 Petrify                  Tmut/Erth      4%         N/A       82%         4
 Irradiate                Conj/Tmut      2%         3d14      99%         5


Dungeon Overview and Level Annotations

Branches:
Dungeon (3/15)

Altars:
Cheibriados

Annotations:
D:2 Sigmund


Innate Abilities, Weirdness & Mutations

You have temporarily grown beastly horns and talons.
Your plain brown scales are hard. (AC +5)
You cannot fit into any form of body armour.
You are cold-blooded and may be slowed by cold attacks.


Message History

The phantom is lightly damaged.
The phantom hits you.
* * * LOW HITPOINT WARNING * * *
You barely miss the phantom. You tail-slap the phantom.
The phantom is moderately damaged.
The phantom closely misses you.
You barely miss the phantom.
Your tail-slap misses the phantom.
The phantom is moderately damaged.
The phantom hits you but does no damage.
You closely miss the phantom.
The phantom is moderately damaged.
You hit the phantom but do no damage. You tail-slap the phantom.
The phantom is moderately damaged.
The phantom closely misses you.
Unknown command.
You hit the phantom.
The phantom is moderately damaged.
The phantom hits you.
* * * LOW HITPOINT WARNING * * *
The phantom blinks!
You blink.
Okay, then.
Casting: Beastly Appendage (safe; 10% risk of failure)
Confirm with . or Enter, or press ? or * to list all spells.
You grow a pair of large bovine horns.
Your feet morph into talons.
The phantom barely misses you.
You barely miss the phantom. Your kick misses the phantom.
The phantom is moderately damaged.
The phantom hits you but does no damage.
You hit the phantom. You claw the phantom.
You tail-slap the phantom, but do no damage.
The phantom is heavily damaged.
The phantom barely misses you.
You hit the phantom but do no damage. Your kick misses the phantom.
The phantom is heavily damaged.
The phantom hits you!
* * * LOW HITPOINT WARNING * * *
You closely miss the phantom. You claw the phantom.
The phantom is severely damaged.
The phantom hits you!
You die...

# ### #.##<##
#..>#.# #
####.########.#
#W@........#
############


You could see a phantom.

Vanquished Creatures
  A worm (D:2)
  An orc (D:2)
  A ball python (D:2)
  3 endoplasms
  A giant cockroach (D:1)
  4 goblins
  5 hobgoblins
  3 jackals (D:1)
  A quokka (D:1)
  2 frilled lizards (D:2)
  2 kobolds (D:2)
  5 rats
29 creatures vanquished.

Vanquished Creatures (others)
  4 toadstools (D:1)
4 creatures vanquished.

Grand Total: 33 creatures vanquished

Notes
Turn   | Place    | Note
-------+----------+-------------------------------------------
     0 | D:1      | pkoi the Draconian Transmuter began the quest for the Orb.
     0 | D:1      | Reached XP level 1. HP: 16/16 MP: 3/3
   249 | D:1      | Reached XP level 2. HP: 17/23 MP: 5/5
  1255 | D:2      | Reached skill level 4 in Unarmed Combat
  1649 | D:2      | Noticed Sigmund
  1930 | D:2      | Found a faded altar of an unknown god.
  1942 | D:2      | Reached XP level 3. HP: 18/28 MP: 6/6
  2050 | D:2      | Found a snail-covered altar of Cheibriados.
  2074 | D:2      | Became a worshipper of Cheibriados the Contemplative
  2449 | D:3      | Noticed a phantom
  2475 | D:3      | Slain by a phantom

Illustrated notes

Levels and vault maps discovered:
D:1:      ldierk_walled_garden_2, layout_loops_ring, minivault_24
D:2:      layout_basic, basic_ecumenical_altar, basic_altar, uniq_sigmund
D:3:      layout_loops_ring, nicolae_qazlal_style_of_elements,
          mainiacjoe_overflow_brackets, kennysheep_path_1, kennysheep_potato

Skill      XL: |  1  2 |
---------------+-------+-----
Unarmed Combat | 4 |  4.3
Fighting       | |  1.1
Dodging        | |  1.7
Spellcasting   | |  2.0
Transmutations | |  2.0

Action                   || total
-------------------------++-------
Melee: Unarmed           ||   128
       Tailslap          ||    15
       Kick              ||     4
       Punch             ||     2
Throw: Dart              ||    12
 Cast: Beastly Appendage ||     2
 Stab: Sleeping          ||     2
Armor: Skin              ||    24
Dodge: Dodged            ||    67
